 Dungeon Crawl Stone Soup version 0.25-a0-399-gcf1075a (webtiles) character file.

Game seed: 0, levelgen mode: classic

89 BlueFish the Insei (level 4, -3/42 HPs)
             Began as an Octopode Transmuter on Feb 23, 2019.
             Slain by an orc
             ... wielding a +0 trident
              (4 damage)
             ... on level 3 of the Dungeon on Jan 9, 2020.
             The game lasted 00:10:18 (2461 turns).

BlueFish the Insei (Octopode Transmuter)            Turns: 2461, Time: 00:10:18

Health: -3/42      AC: 22    Str: 10    XL:     4   Next: 55%
Magic:  7/7        EV:  2    Int: 20    God:
Gold:   109        SH:  0    Dex: 12    Spells: 5/8 levels left

rFire    . . .     SeeInvis .     - Unarmed
rCold    . . .     Gourm    .   (no shield)
rNeg     + + +     Faith    .   (helmet currently unavailable)
rPois    +         Spirit   .   (no amulet)
rElec    .         Reflect  .   (no ring)
rCorr    .         Harm     .   (no ring)
MR       .....     NoTele   +   (no ring)
Stlth    ++........             (no ring)
HPRegen  0.14/turn              (no ring)
MPRegen  0.10/turn              (no ring)
                                (no ring)
                                (no ring)

@: brilliant, tree-form, hasted (expiring), very quick
A: almost no armour, stealthy swim, (amphibious), 8 rings, (constrict 8)
a: no special abilities


You were on level 3 of the Dungeon.
You were not hungry.
You were a tree.
You visited 1 branch of the dungeon, and saw 3 of its levels.

You collected 109 gold pieces.

Inventory:

Missiles
 a - 28 arrows
Scrolls
 e - a scroll of amnesia
 g - a scroll of remove curse
 j - a scroll of enchant armour
Potions
 d - 2 potions of agility
 h - 2 potions of flight
Comestibles
 c - 6 rations
 i - 5 chunks of flesh


   Skills:
 + Level 1.0 Fighting
 + Level 2.3 Dodging
 + Level 2.3 Stealth
 + Level 3.6 Unarmed Combat
 + Level 2.5 Spellcasting
 * Level 2.8 Transmutations


You had 5 spell levels left.
You knew the following spells:

 Your Spells              Type           Power        Failure   Level  Hunger
a - Beastly Appendage     Tmut           ####..       1%          1    None
b - Sticks to Snakes      Tmut           ####....     1%          2    ##.....

Your spell library contained the following spells:

 Spells                   Type           Power        Failure   Level  Hunger
 Spider Form              Tmut/Pois      ###.......   3%          3    ###....
 Ice Form                 Ice/Tmut       ###.....     10%         4    ####...
 Blade Hands              Tmut           ####......   14%         5    ######.


Dungeon Overview and Level Annotations

Branches:
Dungeon (3/15)

Altars:


Innate Abilities, Weirdness & Mutations

You cannot wear most types of armour.
You are very stealthy in the water. (Stealth+)
((You are amphibious.))
You can wear up to eight rings at the same time.
((You can use your tentacles to constrict eight enemies at once.))
((Your skin changes colour to match your surroundings (Stealth+).))
((Your rubbery body absorbs attacks. (AC +1, EV +1)))


Message History

The orc hits you but does no damage.
You smack the orc!
You kill the orc!
You feel sick. The orc hits you but does no damage.
You cannot move.
You cannot move.
The orc completely misses you. The orc hits you but does no damage.
Okay, then.
Okay, then.
Your extra speed is starting to run out.
The orc hits you but does no damage.
You feel sick.
You are no longer poisoned.
The orc hits you but does no damage.
The orc hits you from afar with a +0 trident.
* * * LOW HITPOINT WARNING * * *
The orc hits you but does no damage.
The orc hits you from afar with a +0 trident.
You die...

............# o...........#
..o..(......# ............#
............# ............#
..........o.# #######'###)#
# .........##♣#.#
##########..##.#.# ..
#.....# #..#....#...
#.....####..#.............#
####(.(.).#.#...##.#+#....#
#)####(#........#.#....#
#(# #(#..#.###.#.#....# #.#
#.#.......##.#....# #.#
#.#..........#....#


You could see an orc.

Vanquished Creatures
  3 adders
  An adder skeleton (D:2)
  2 worms (D:2)
  2 dart slugs (D:1)
  2 leopard geckos
  3 orcs (D:3)
  3 giant cockroaches (D:1)
  6 goblins
  6 hobgoblins
  3 quokkas (D:2)
  A ball python (D:1)
  6 bats
  3 frilled lizards
  3 kobolds
  A rat (D:1)
45 creatures vanquished.

Notes
Turn   | Place    | Note
-------+----------+-------------------------------------------
     0 | D:1      | BlueFish the Octopode Transmuter began the quest for the
                  | Orb.
     0 | D:1      | Reached XP level 1. HP: 13/13 MP: 3/3
   444 | D:1      | Reached skill level 1 in Stealth
   462 | D:1      | Reached XP level 2. HP: 17/18 MP: 3/5
  1005 | D:1      | Learned a level 2 spell: Sticks to Snakes
  1219 | D:2      | Reached XP level 3. HP: 22/23 MP: 6/6
  1639 | D:2      | Reached XP level 4. HP: 25/28 MP: 5/7
  1863 | D:2      | Upgraded the game from 0.24-a0-125-gdf02491 to
                  | 0.24-a0-263-gbee43f9
  1866 | D:2      | Upgraded the game from 0.24-a0-263-gbee43f9 to
                  | 0.25-a0-399-gcf1075a
  2458 | D:3      | HP: 1/42 [orc/+0 trident (3)]
  2461 | D:3      | Slain by an orc

Levels and vault maps discovered:
D:1:      minmay_arrival_three_doors, layout_loops_ring
D:2:      layout_loops_ring
D:3:      layout_basic, kennysheep_generic_room_4, uniq_sigmund, uniq_robin

Skill      XL: |  1  2  3 |
---------------+----------+-----
Stealth        | 1 2 |  2.3
Fighting       | |  1.0
Dodging        | |  2.3
Unarmed Combat | |  3.6
Spellcasting   | |  2.5
Transmutations | |  2.8

Action                   |  1- 3 |  4- 6 || total
-------------------------+-------+-------++-------
Melee: Unarmed           |    73 |    34 ||   107
       Constrict         |    17 |     7 ||    24
       Tentacles         |    12 |     5 ||    17
       Kick              |     7 |     4 ||    11
 Cast: Beastly Appendage |    11 |     8 ||    19
       Sticks to Snakes  |       |     3 ||     3
  Use: Scroll            |     4 |     3 ||     7
       Potion            |       |     3 ||     3
 Stab: Sleeping          |     9 |     1 ||    10
  Eat: Chunk             |     2 |     3 ||     5
Armor: Skin              |     2 |    20 ||    22
Dodge: Dodged            |    37 |    29 ||    66

Table legend:
 A = Non-vault XP
 B = Vault XP
 C = Vault XP percentage of total XP
 D = Non-vault monster count
 E = Vault monster count
 F = Vault count percentage of total count
                 A         B        C        D         E       F
            +---------+---------+-------+---------+---------+-------
      Total |     128 |       0 |   0.0 |      45 |       0 |   0.0
            +---------+---------+-------+---------+---------+-------
        D:1 |      33 |       0 |   0.0 |      16 |       0 |   0.0
        D:2 |      63 |       0 |   0.0 |      20 |       0 |   0.0
        D:3 |      32 |       0 |   0.0 |       9 |       0 |   0.0
            +---------+---------+-------+---------+---------+-------
